 Dungeon Crawl Stone Soup version 0.24-a0-361-g57161393b2 (webtiles) character file.

Game seed: 8085708365257002683

4515 Azzok the Cleaver (level 10, 0/70 HPs)
             Began as a Mummy Fighter on May 26, 2019.
             Was an Initiate of Gozag.
             Slain by a soldier ant (7 damage)
             ... on level 9 of the Dungeon.
             The game lasted 00:14:27 (8916 turns).

Azzok the Cleaver (Mummy Fighter)                   Turns: 8916, Time: 00:14:28

Health: 0/70       AC: 11    Str: 22    XL:     10   Next: 16%
Magic:  0/14       EV:  3    Int:  8    God:    Gozag
Gold:   1004       SH: 13    Dex: 12    Spells: 9/9 levels left

rFire    + + .     SeeInvis +   o - +2 war axe (venom)
rCold    . . .     Gourm    .   c - +0 shield
rNeg     + + +     Faith    .   m - +0 plate armour
rPois    ∞         Spirit   +   r - +0 hat of Love and Death {rF+++ rC- SInv}
rElec    .         Reflect  +   w - scarf {Spirit}
rCorr    .         Harm     .   (no gloves)
MR       ++...                  (no boots)
Stlth    ..........             l - +4 amulet of reflection
HPRegen  0.21/turn              f - ring of protection from magic
MPRegen  0.14/turn              g - ring of stealth

@: gold aura
A: no food or potions, fire vulnerability, cold resistance 1, negative energy
resistance 3, torment resistance, unbreathing
a: Potion Petition, Call Merchant, Bribe Branch, Renounce Religion


You were on level 9 of the Dungeon.
You worshipped Gozag.
Gozag was most pleased with you.
You were not hungry.

You visited 2 branches of the dungeon, and saw 10 of its levels.
You also visited: Sewer.

You collected 1129 gold pieces.
You paid 125 gold pieces to Gozag.

Inventory:

Hand Weapons
 o - a +2 war axe of venom (weapon)
Armour
 c - a +0 shield (worn)
 m - a +0 plate armour (worn)
 r - the +0 hat of Love and Death (worn) {rF+++ rC- SInv}
   (You found it on level 6 of the Dungeon)

   It renders you almost immune to fire.
   It makes you vulnerable to cold.
   It lets you see invisible.
 w - a scarf of spirit shield (worn)
Jewellery
 f - a ring of protection from magic (left hand)
 g - a ring of stealth (right hand)
 l - a +4 amulet of reflection (around neck)
 s - the ring of Osoogir {Ice +Blink SInv}
   (You found it on level 7 of the Dungeon)

   [ring of ice]

   It enhances your ice magic.
   It makes you vulnerable to fire.
   It protects you from cold.
   It lets you see invisible.
   It lets you blink.
Wands
 n - a wand of paralysis (3)
 t - a wand of flame (26)
Scrolls
 b - 2 scrolls of immolation {unknown}
 d - 2 scrolls of blinking {unknown}
 e - a scroll of remove curse
 h - 2 scrolls of enchant weapon {unknown}
 i - 2 scrolls of amnesia
 j - a scroll of vulnerability {unknown}
 k - 3 scrolls of teleportation
 p - 3 scrolls of fog {unknown}
 q - 2 scrolls of magic mapping


   Skills:
 - Level 3.0 Fighting
 * Level 11.1 Axes
 - Level 2.4 Armour
 - Level 2.4 Shields
 + Level 5.6 Evocations


You had 9 spell levels left.
You didn't know any spells.
Your spell library contained the following spells:

 Spells                   Type           Power        Failure   Level  Hunger
 Animate Skeleton         Necr           N/A          100%        1    N/A
 Apportation              Tloc           #.....       100%        1    N/A
 Confusing Touch          Hex            #.....       100%        1    N/A
 Summon Small Mammal      Summ           #...         100%        1    N/A
 Confuse                  Hex            #.......     100%        3    N/A
 Gell's Gravitas          Tloc           #.........   100%        3    N/A
 Petrify                  Tmut/Erth      #.......     100%        4    N/A
 Metabolic Englaciation   Hex/Ice        #.........   100%        5    N/A
 Yara's Violent Unravell  Hex/Tmut       #.........   100%        5    N/A

Dungeon Overview and Level Annotations

Branches:
Dungeon (9/15)             Temple (1/1) D:7             Orc (0/2) D:9
   Lair: D:8-11

Altars:
Cheibriados
Dithmenos
Fedhas
Gozag
Hepliaklqana
Kikubaaqudgha
Makhleb
Nemelex Xobeh
Okawaru
Ru
Sif Muna
Uskayaw
Vehumet
Yredelemnul

Annotations:
D:4 1 runed translucent door, anything's ghost, novice OpHu
D:9 Erolcha


Innate Abilities, Weirdness & Mutations

You do not eat or drink.
Your flesh is vulnerable to fire.
You are immune to poison.
Your flesh is cold resistant. (rC+)
You are immune to negative energy. (rN+++)
You are immune to unholy pain and torment.
You can survive without breathing.


Message History

Erolcha hits you with a +0 giant spiked club!!
The soldier ant becomes distracted by the nearby gold, dreaming of imaginary riches.
The soldier ant twitches its antennae in your direction.
You hit Erolcha.
Erolcha looks as sick as possible!
Erolcha is heavily wounded.
You hit the soldier ant.
The soldier ant is no longer distracted by gold.
Erolcha hits you with a +0 giant spiked club!
* * * LOW HITPOINT WARNING * * *
The soldier ant stings you.
* * * LOW HITPOINT WARNING * * *
Erolcha points at you and mumbles some strange words.
The bolt of cold hits you!
* * * LOW MAGIC WARNING * * *;
* * * LOW HITPOINT WARNING * * *
Your shield and plate armour prevent you from hitting Erolcha.
Erolcha is heavily wounded.
You closely miss the soldier ant. The soldier ant stings you!
* * * LOW MAGIC WARNING * * *
You die...
Your body crumbles into a pile of gold.

▒·▒ ▒·▒ ▒(▒ ▒·▒▒▒▒▒▒▒
▒········ ·········
▒········ ▒········
▒O$······ ▒@······>
·▒▒▒▒▒▒·a······
········▒▒▒▒▒▒▒
·▒▒▒▒▒▒·▒ ▒·▒ ▒ ▒·▒ ▒·
▒)▒▒▒▒▒▒▒
▒▒▒▒▒▒▒▒▒·▒▒▒▒▒▒········
·················▒▒▒▒▒▒▒


You could see Erolcha and a soldier ant.

Vanquished Creatures
  A hippogriff (D:7)
  Sigmund (D:3)
  Eustachio (D:4)
  A hungry ghost (D:9)
  Grum (D:8)
  3 ice beasts
  A phantom (D:5)
  2 sky beasts
  A black bear (D:8)
  An eye of draining (D:9)
  A necrophage (D:8)
  2 ogres
  2 wolves (D:8)
  2 centaurs
  6 bullfrogs
  A big kobold (Sewer)
  A water moccasin zombie (D:7)
  5 killer bees (D:7)
  A howler monkey (D:8)
  2 vampire bats (D:7)
  A bullfrog zombie (D:8)
  4 crimson imps
  A quasit (D:7)
  5 jellies
  5 hounds
  4 orc priests (D:8)
  A bullfrog skeleton (D:5)
  3 iguanas
  8 orc wizards
  12 worker ants
  A killer bee zombie (D:9)
  A hound skeleton (D:5)
  A howler monkey zombie (D:6)
  A worker ant zombie (D:8)
  2 river rats (Sewer)
  8 adders
  4 shadow imps
  2 adder skeletons (D:8)
  2 worms
  4 dart slugs
  4 leopard geckos
  29 orcs
  6 bats
  5 bat skeletons (D:7)
  A bat zombie (D:7)
  4 giant cockroaches
  12 goblins
  6 hobgoblins
  8 jackals
  2 frilled lizards
  6 kobolds
  2 leopard gecko skeletons (D:5)
  2 leopard gecko zombies
  9 rats
202 creatures vanquished.

Vanquished Creatures (others)
  An orc warrior (D:9)
1 creature vanquished.

Grand Total: 203 creatures vanquished

Notes
Turn   | Place    | Note
-------+----------+-------------------------------------------
     0 | D:1      | Azzok the Mummy Fighter began the quest for the Orb.
     0 | D:1      | Reached XP level 1. HP: 18/18 MP: 1/1
    38 | D:1      | Reached skill level 2 in Axes
    94 | D:1      | Reached XP level 2. HP: 24/24 MP: 2/2
   560 | D:2      | Reached XP level 3. HP: 29/29 MP: 3/3
   652 | D:2      | Reached skill level 3 in Axes
   670 | D:2      | Found a faded altar of an unknown god.
  1041 | D:2      | Found a burning altar of Makhleb.
  1191 | D:2      | Reached XP level 4. HP: 30/35 MP: 4/4
  2056 | D:3      | Reached skill level 4 in Axes
  2213 | D:3      | Noticed Sigmund
  2238 | D:3      | Killed Sigmund
  2238 | D:3      | Reached skill level 5 in Axes
  2238 | D:3      | Reached XP level 5. HP: 27/41 MP: 5/5
  2238 | D:3      | Reached XP level 6. HP: 31/47 MP: 6/6
  2634 | D:4      | Noticed Eustachio
  2679 | D:4      | Killed Eustachio
  2679 | D:4      | Reached skill level 6 in Axes
  2813 | D:4      | Reached XP level 7. HP: 52/52 MP: 7/7
  2903 | D:4      | Found a runed translucent door.
  2908 | D:4      | Noticed anything's ghost (novice OpHu)
  2950 | D:4      | Found a blossoming altar of Fedhas.
  3456 | D:5      | Entered Level 5 of the Dungeon
  3467 | D:5      | Found a blossoming altar of Fedhas.
  3473 | D:5      | Found a shadowy altar of Dithmenos.
  3671 | D:5      | Reached skill level 7 in Axes
  3721 | D:5      | Found a glowing drain.
  3725 | Sewer    | Entered a sewer
  3912 | Sewer    | Found a white marble altar of Elyvilon.
  4107 | D:5      | Found a hazy altar of Hepliaklqana.
  4107 | D:5      | Found a sparkling altar of Nemelex Xobeh.
  4108 | D:5      | Found a basalt altar of Yredelemnul.
  4273 | D:5      | Reached skill level 1 in Evocations
  4273 | D:5      | Reached XP level 8. HP: 51/58 MP: 8/8
  4531 | D:6      | Reached skill level 8 in Axes
  5289 | D:6      | Got a jewelled hat
  5290 | D:6      | Identified the +0 hat of Love and Death {rF+++ rC- SInv}
                  | (You found it on level 6 of the Dungeon)
  5495 | D:7      | Found a staircase to the Ecumenical Temple.
  5514 | Temple   | Entered the Ecumenical Temple
  5612 | Temple   | Became a worshipper of Gozag Ym Sagoz the Greedy
  5659 | D:7      | Noticed a hippogriff
  5661 | D:7      | Found a radiant altar of Vehumet.
  5682 | D:7      | Killed a hippogriff
  5682 | D:7      | Reached skill level 9 in Axes
  5714 | D:7      | Got a wavering platinum ring
  5969 | D:7      | Identified the ring of Osoogir {Ice +Blink SInv} (You found
                  | it on level 7 of the Dungeon)
  6024 | D:7      | Found an ancient bone altar of Kikubaaqudgha.
  6026 | D:7      | Reached XP level 9. HP: 63/63 MP: 11/11
  7286 | D:8      | Reached skill level 10 in Axes
  7340 | D:8      | Found an iron altar of Okawaru.
  7514 | D:8      | Noticed Grum
  7529 | D:8      | Killed Grum
  7777 | D:8      | Found a deep blue altar of Sif Muna.
  7779 | D:8      | Found a sacrificial altar of Ru.
  7815 | D:8      | You fall into a shaft and drop 1 floor!
  8094 | D:8      | Reached skill level 5 in Evocations
  8558 | D:9      | Found a staircase to the Orcish Mines.
  8570 | D:9      | Reached XP level 10. HP: 69/70 MP: 12/14
  8759 | D:9      | Reached skill level 11 in Axes
  8907 | D:9      | Noticed Erolcha
  8916 | D:9      | Slain by a soldier ant

Levels and vault maps discovered:
D:1:      dpeg_arrival_arbitrary_c, layout_rooms
D:2:      layout_basic, makhleb_grotto_becter, chequers_ecumenical_altar_simple
D:3:      layout_basic, first_ration, lightli_corner_chamber, uniq_sigmund
D:4:      layout_basic, lemuel_coloured_pillars_altar, ebering_ghost_sewer_d,
          serial_bayou_pond_e, uniq_eustachio
D:5:      layout_cave_pools, grunt_dithmenos_smoke,
          gammafunk_temple_overflow_forgotten, gup_sewer_entry_spiral,
          fedhas_altar_2
D:6:      layout_basic
D:7:      layout_basic, vehumet_altar_wand_db, kennysheep_vampire_church,
          minmay_temple_entry_mini_moons, kennysheep_small_circle
D:8:      layout_basic, lemuel_crystal_altar, kennysheep_mini_moat,
          old_standard_altar, uniq_grum
D:9:      layout_small_grid, orc_david_3, blue_anna_alchemist
          [blue_anna_fruit_fields, blue_anna_fruit_fields],
          trog_eyes_of_draining, uniq_erolcha
Temple:   minmay_temple_curvy_loop

Skill      XL: |  1  2  3  4  5  6  7  8  9 10 |
---------------+-------------------------------+-----
Axes           | 2 3 5 6 7 9 10 11 | 11.1
Evocations     | 1 3 5 |  5.6
Fighting       | |  3.0
Armour         | |  2.4
Shields        | |  2.4

Action                   |  1- 3 |  4- 6 |  7- 9 | 10-12 || total
-------------------------+-------+-------+-------+-------++-------
Melee: War axe           |   141 |   120 |   605 |     8 ||   874
       Spear             |       |       |   139 |    89 ||   228
Evoke: Wand              |       |       |     5 |     2 ||     7
  Use: Scroll            |       |     2 |    11 |       ||    13
 Stab: Paralysed         |       |       |     8 |       ||     8
       Distracted        |       |       |     1 |       ||     1
Armor: Scale mail        |    89 |     8 |       |       ||    97
       Plate armour      |       |    65 |   378 |    24 ||   467
Dodge: Dodged            |    51 |    23 |    64 |     4 ||   142
Block: Shield            |    81 |    89 |   510 |    49 ||   729
       Reflection        |       |     1 |     8 |     4 ||    13

Table legend:
 A = Non-vault XP
 B = Vault XP
 C = Vault XP percentage of total XP
 D = Non-vault monster count
 E = Vault monster count
 F = Vault count percentage of total count
                 A         B        C        D         E       F
            +---------+---------+-------+---------+---------+-------
      Total |    5080 |    1370 |  21.2 |     163 |      40 |  19.7
            +---------+---------+-------+---------+---------+-------
        D:1 |      40 |       0 |   0.0 |      20 |       0 |   0.0
        D:2 |      51 |      46 |  47.4 |      22 |       1 |   4.3
        D:3 |      21 |     227 |  91.5 |       6 |       1 |  14.3
        D:4 |     227 |     202 |  47.1 |       9 |       1 |  10.0
        D:5 |     464 |      51 |   9.9 |      13 |       8 |  38.1
        D:6 |     501 |       0 |   0.0 |      11 |       0 |   0.0
        D:7 |    1195 |     287 |  19.4 |      23 |      11 |  32.4
        D:8 |    1277 |     408 |  24.2 |      33 |       3 |   8.3
        D:9 |    1304 |      18 |   1.4 |      26 |       6 |  18.8
      Sewer |       0 |     131 | 100.0 |       0 |       9 | 100.0
            +---------+---------+-------+---------+---------+-------
